 Dungeon Crawl Stone Soup version 0.21.1-1-g345015f (webtiles) character file.

25563 LiquoriceLizzard the Cleaver (level 12, -5/112 HPs)
             Began as a Deep Dwarf Fighter on Apr 6, 2018.
             Was a High Priest of Makhleb.
             Slain by a komodo dragon (8 damage)
             ... on level 3 of the Lair of Beasts on Apr 10, 2018.
             The game lasted 01:48:47 (13616 turns).

LiquoriceLizzard the Cleaver (Deep Dwarf Fighter)  Turns: 13616, Time: 01:48:48

Health: -5/112     AC: 11    Str: 23    XL:     12   Next: 90%
Magic:  1/1        EV:  2    Int: 12    God:    Makhleb [*****.]
Gold:   860        SH:  0    Dex: 16    Spells: 11/11 levels left

rFire    + . .     SeeInvis .   J - +0 mace
rCold    + . .     Gourm    .   C - +2 shield
rNeg     + + +     Faith    .   s - +1 ring mail {rC+}
rPois    ∞         Spirit   .   b - +1 helmet {Int+3}
rElec    .         Reflect  +   (no cloak)
rCorr    .         Harm     .   q - +0 pair of gloves
MR       +....                  (no boots)
Stlth    ++........             D - +2 amulet of reflection
HPRegen  0.00/turn              y - ring of protection from fire
MPRegen  0.07/turn              F - +2 ring of strength

@: petrified, non-regenerating
A: damage resistance, heal wounds, sense surroundings 2, no regeneration
a: Heal Wounds, Minor Destruction, Lesser Servant of Makhleb, Major Destruction,
Greater Servant of Makhleb, Renounce Religion


You were on level 3 of the Lair of Beasts.
You worshipped Makhleb.
Makhleb was extremely pleased with you.
You were not hungry.

You visited 3 branches of the dungeon, and saw 17 of its levels.
You also visited: Sewer.

You collected 860 gold pieces.

Inventory:

Hand Weapons
 a - a +1 war axe
 J - a +0 mace (weapon)
Missiles
 j - 5 javelins of returning
 A - 10 tomahawks (quivered)
Armour
 b - a +1 helmet of intelligence (worn)
 n - a +0 large shield
 q - a +0 pair of gloves (worn)
 r - the +2 leather armour of Omnacaj {rC+}
   (You found it on level 8 of the Dungeon)

   It protects you from cold.
 s - a +1 ring mail of cold resistance (worn)
 C - a +2 shield (worn)
 E - a +2 leather armour of poison resistance
 M - a +0 pair of gloves
 N - a +0 pair of boots
Jewellery
 m - an uncursed ring of magical power
 y - a ring of protection from fire (left hand)
 D - a +2 amulet of reflection (around neck)
 F - a +2 ring of strength (right hand)
 Q - an uncursed amulet of guardian spirit {unknown}
Wands
 t - a wand of paralysis (9)
 u - a wand of enslavement (11)
 H - a wand of acid (9)
 L - a wand of iceblast (3)
 O - a wand of disintegration (12)
Scrolls
 c - a scroll of enchant weapon
 d - 5 scrolls of remove curse
 e - 3 scrolls of immolation
 h - 7 scrolls of teleportation
 l - 9 scrolls of identify
 p - 5 scrolls of fear
 v - 5 scrolls of magic mapping
 z - a scroll of fog
 B - 2 scrolls of enchant armour
 G - a scroll of holy word
 P - a scroll of torment {unknown}
 R - a scroll of brand weapon {unknown}
Potions
 g - 2 potions of mutation
 i - a potion of resistance
 k - 4 potions of curing
 o - 3 potions of flight
 w - a potion of berserk rage {unknown}
 x - 2 potions of brilliance
Books
 I - a book of Cantrips

   Spells                             Type                      Level
   a - Confusing Touch                Hexes                        1
   b - Animate Skeleton               Necromancy                   1
   c - Summon Small Mammal            Summoning                    1
   d - Apportation                    Translocation                1
Comestibles
 f - 34 rations
 K - 5 chunks of flesh


   Skills:
 + Level 8.9 Fighting
 + Level 14.1 Axes
 + Level 2.5 Throwing
 + Level 8.4 Armour
 + Level 8.7 Dodging
 + Level 3.0 Stealth
 + Level 11.3 Shields
 + Level 0.1 Invocations


You had 11 spell levels left.
You didn't know any spells.

Dungeon Overview and Level Annotations

Branches:
Dungeon (13/15)            Temple (1/1) D:6            Lair (2/6) D:11
 Shoals (0/4) Lair:2        Snake (0/4) Lair:3          Orc (0/2) D:9
 Vaults (0/5) D:13

Altars:
Ashenzari
Cheibriados
Dithmenos
Elyvilon
Fedhas
Gozag
Hepliaklqana
Kikubaaqudgha
Makhleb
Nemelex Xobeh
Okawaru
Qazlal
Ru
Sif Muna
Trog
Uskayaw
Vehumet
Wu Jian
Xom
Yredelemnul
Zin
The Shining One

Shops:
D:5 [   D:9 (   D:12 [

Annotations:
D:10 Sonja
Lair:2 exclusion: oklob plant, Erica


Innate Abilities, Weirdness & Mutations

You are resistant to damage.
You can heal yourself by infusing magical energy.
You passively map the area around you.
You do not regenerate.


Message History

The komodo dragon is almost dead.
The komodo dragon bites you! The komodo dragon bites you.
Your limbs are stiffening.
The basilisk gazes at you.
Your limbs have turned to stone.
The komodo dragon barely misses you.
You have turned to stone.
The komodo dragon bites you!
* * * LOW HITPOINT WARNING * * *
The komodo dragon bites you!
* * * LOW HITPOINT WARNING * * *
The komodo dragon bites you!
* * * LOW HITPOINT WARNING * * *
The komodo dragon bites you!!
* * * LOW HITPOINT WARNING * * *
The basilisk gazes at you. You resist with almost no effort.
The komodo dragon bites you!
* * * LOW HITPOINT WARNING * * *
The komodo dragon bites you!!
You die...

##..###...........#.....###....##
....# #....#......##....##.......
....# #...#.......##......#...###
....# #...#........#.....##...# .
#..## #...##.......P.....##...#..
##.####....#..####......P.####...
##....P>...#PP#P.#.#......#......
......(..........................
................@l............#..
......>.........)l............#,
........>.....?###(...........#
..........##..P.##.............
...##.....#.................P. *
##.#P.....##....##......##..#l
...##.....##....##......# #...,
..........##............# ...
..........##............# ,


You could see a komodo dragon and a basilisk.

Vanquished Creatures
  A centaur warrior (D:11)
  6 two-headed ogres
  The ghost of Lovchig the Cleaver, a novice DDFi of Makhleb (D:8)
  2 deep elf magi (D:12)
  A cyclops (D:9)
  Joseph (D:7)
  2 gargoyles
  A centaur skeleton (D:10)
  Psyche (D:8)
  A spiny frog (Lair:3)
  2 komodo dragons
  A kobold demonologist (D:11)
  5 trolls
  3 meliai (D:13)
  7 hippogriffs
  A spriggan (D:7)
  A spriggan (shapeshifter) (D:12)
  Sigmund (D:4)
  2 wyverns
  16 yaks
  4 hungry ghosts
  A naga (Lair:3)
  6 water moccasins
  5 porcupines
  6 orc warriors
  5 sky beasts
  4 black bears
  4 ice beasts
  3 eyes of draining
  4 ogres
  A phantom (D:4)
  11 centaurs
  A crocodile (Lair:1)
  6 big kobolds
  21 bullfrogs
  A gnoll sergeant (D:10)
  A wyvern zombie (D:12)
  A water moccasin zombie (D:8)
  4 scorpions
  A water moccasin skeleton (D:8)
  12 killer bees
  5 wights (D:12)
  A howler monkey (D:10)
  2 bullfrog zombies
  7 crimson imps
  A quasit (D:11)
  3 centaur zombies
  6 orc priests
  8 hounds
  A gnoll shaman (D:7)
  2 jellies
  3 bullfrog skeletons
  Terence (D:2)
  6 iguanas
  6 orc wizards
  3 worker ants
  A worker ant zombie (D:3)
  11 gnolls
  15 adders
  2 shadow imps
  2 oozes
  4 worms
  An adder zombie (D:6)
  A dart slug (D:5)
  11 leopard geckos
  37 orcs
  7 giant cockroaches
  7 goblins
  4 hobgoblins
  6 jackals
  25 kobolds
  7 quokkas
  7 ball pythons
  9 bats
  4 frilled lizards
  10 rats
  2 butterflies
386 creatures vanquished.

Vanquished Creatures (collateral kills)
  A vault guard (D:13)
1 creature vanquished.

Vanquished Creatures (others)
  3 fungi (Lair:3)
  A plant (Lair:3)
4 creatures vanquished.

Grand Total: 391 creatures vanquished

Notes
Turn   | Place    | Note
-------+----------+-------------------------------------------
     0 | D:1      | LiquoriceLizzard the Deep Dwarf Fighter began the quest for the Orb.
     0 | D:1      | Reached XP level 1. HP: 20/20 MP: 1/1
   252 | D:1      | Reached XP level 2. HP: 27/27 MP: 2/2
   896 | D:2      | Noticed Terence
  1110 | D:2      | Reached skill level 3 in Axes
  1110 | D:2      | Reached XP level 3. HP: 12/34 MP: 3/3
  1406 | D:2      | Killed Terence
  1406 | D:2      | Reached XP level 4. HP: 40/42 MP: 3/3
  1871 | D:3      | Found a glowing drain.
  1896 | Sewer    | Entered a sewer
  1963 | Sewer    | Reached XP level 5. HP: 40/49 MP: 4/4
  2015 | Sewer    | Reached skill level 4 in Axes
  2024 | Sewer    | Reached skill level 5 in Armour
  2024 | Sewer    | Reached XP level 6. HP: 50/56 MP: 5/5
  2076 | Sewer    | Reached skill level 1 in Dodging
  2172 | Sewer    | Reached skill level 5 in Axes
  2433 | D:3      | Reached XP level 7. HP: 29/62 MP: 6/6
  2903 | D:4      | Reached skill level 5 in Shields
  3090 | D:4      | Noticed Sigmund
  3111 | D:4      | Killed Sigmund
  3111 | D:4      | Reached skill level 6 in Axes
  3156 | D:4      | Found a sparkling altar of Nemelex Xobeh.
  3471 | D:5      | Entered Level 5 of the Dungeon
  3531 | D:5      | Reached XP level 8. HP: 30/72 MP: 7/7
  3537 | D:5      | Found Nafeisyl's Armour Emporium.
  3756 | D:5      | Reached skill level 7 in Axes
  4042 | D:6      | Reached skill level 8 in Axes
  4258 | D:6      | Found a staircase to the Ecumenical Temple.
  4275 | Temple   | Entered the Ecumenical Temple
  4351 | Temple   | Became a worshipper of Makhleb the Destroyer
  4526 | D:6      | Reached skill level 1 in Stealth
  4526 | D:6      | Gained mutation: You passively map the area around you. [Deep Dwarf growth]
  4526 | D:6      | Reached XP level 9. HP: 45/80 MP: 8/8
  4552 | D:6      | Reached skill level 5 in Fighting
  5129 | D:7      | Reached * piety under Makhleb
  5129 | D:7      | Reached skill level 9 in Axes
  5352 | D:7      | Noticed Joseph
  5383 | D:7      | Killed Joseph
  5874 | D:8      | Noticed Lovchig's ghost (novice DDFi)
  6104 | D:8      | Reached XP level 10. HP: 30/91 MP: 8/8
  6151 | D:8      | Noticed Psyche
  6165 | D:8      | Killed Psyche
  6165 | D:8      | Reached skill level 10 in Axes
  6165 | D:8      | Reached skill level 5 in Dodging
  6238 | D:8      | Noticed a two-headed ogre
  6299 | D:8      | Killed Lovchig's ghost
  6314 | D:8      | Killed a two-headed ogre
  6531 | D:8      | Reached ** piety under Makhleb
  6586 | D:8      | Reached skill level 11 in Axes
  6692 | D:8      | Got an encrusted leather armour
  6899 | D:9      | Noticed a two-headed ogre
  6912 | D:9      | Killed a two-headed ogre
  6943 | D:9      | Identified the +2 leather armour of Omnacaj {rC+} (You found it on level 8 of the Dungeon)
  6982 | D:9      | Noticed a two-headed ogre
  7008 | D:9      | Killed a two-headed ogre
  7008 | D:9      | Reached XP level 11. HP: 72/99 MP: 5/5
  7267 | D:9      | Found a blossoming altar of Fedhas.
  7446 | D:9      | Found Tiuw's Weapon Emporium.
  7468 | D:9      | Reached skill level 12 in Axes
  7498 | D:9      | Found a staircase to the Orcish Mines.
  7542 | D:9      | Reached *** piety under Makhleb
  7681 | D:10     | Entered Level 10 of the Dungeon
  7767 | D:10     | Noticed a two-headed ogre
  7783 | D:10     | Killed a two-headed ogre
  7827 | D:10     | Noticed Sonja
  8145 | D:10     | Reached skill level 1 in Throwing
  8836 | D:11     | Noticed a centaur warrior
  8837 | D:11     | Noticed a two-headed ogre
  9127 | D:11     | Noticed a sixfirhy
  9353 | D:11     | Found a staircase to the Lair.
  9458 | D:11     | Killed a centaur warrior
  9493 | D:11     | Reached skill level 13 in Axes
  9537 | D:11     | Killed a two-headed ogre
  9726 | D:12     | Noticed a two-headed ogre
  9737 | D:12     | Killed a two-headed ogre
  9737 | D:12     | Reached skill level 10 in Shields
  9737 | D:12     | Reached XP level 12. HP: 78/110 MP: 3/3
  9805 | D:12     | Reached **** piety under Makhleb
  9923 | D:12     | Found Jodgho's Antique Armour Boutique.
 10235 | D:12     | Found a snail-covered altar of Cheibriados.
 10473 | D:12     | Reached ***** piety under Makhleb
 10570 | D:12     | Noticed a five-headed hydra
 11368 | D:13     | Noticed a vault guard
 11392 | D:13     | Killed a vault guard
 11392 | D:13     | Reached skill level 14 in Axes
 11426 | D:13     | Found a gate to the Vaults.
 11432 | D:13     | Noticed a vault guard
 11525 | D:13     | Noticed a vault guard
 11526 | D:13     | Noticed a centaur warrior
 11575 | D:13     | Noticed a vault guard
 11691 | Lair:1   | Entered Level 1 of the Lair of Beasts
 12452 | Lair:2   | Noticed Erica
 12757 | Lair:2   | Found a staircase to the Shoals.
 12912 | Lair:2   | You fall through a shaft!
 13577 | Lair:3   | Found a staircase to the Snake Pit.
 13614 | Lair:3   | HP: 5/112 [komodo dragon (13)]
 13616 | Lair:3   | Slain by a komodo dragon

Skill      XL: |  1  2  3  4  5  6  7  8  9 10 11 12 |
---------------+-------------------------------------+-----
Fighting       | 3 4 6 7 8 |  8.9
Axes           | 3 4 5 6 8 9 11 13 14 | 14.1
Armour         | 4 5 6 7 8 |  8.4
Shields        | 4 5 6 7 8 10 11 | 11.3
Dodging        | 1 2 3 4 6 7 8 |  8.7
Stealth        | 1 2 3 |  3.0
Throwing       | 2 |  2.5
Invocations    | |  0.1

Action                   |  1- 3 |  4- 6 |  7- 9 | 10-12 || total
-------------------------+-------+-------+-------+-------++-------
Melee: War axe           |   111 |   177 |   465 |  1038 ||  1791
       Mace              |       |       |       |   173 ||   173
Throw: Tomahawk          |       |       |     3 |    61 ||    64
       Javelin           |       |       |       |     6 ||     6
Invok: Lesser Servant of |       |       |       |     1 ||     1
 Abil: Heal Wounds       |     1 |       |    11 |    26 ||    38
  Use: Scroll            |       |     4 |     9 |     7 ||    20
       Potion            |       |     2 |    16 |    12 ||    30
 Stab: Distracted        |       |       |     1 |     1 ||     2
  Eat: Chunk             |     2 |     4 |    12 |    24 ||    42
       Ration            |       |       |       |     3 ||     3
Armor: Scale mail        |    67 |    79 |    25 |       ||   171
       Ring mail         |       |       |   125 |   176 ||   301
       Skin              |       |       |       |    32 ||    32
Dodge: Dodged            |    29 |    61 |   192 |   484 ||   766
Block: Shield            |    59 |   132 |   293 |   847 ||  1331
